 Dungeon Crawl Stone Soup version 0.26-a0-708-g17f3b190f9 (webtiles) character file.

Game seed: 8149988912229398662

18 jasper the Insei (level 2, 0/16 HPs)
             Began as a Kobold Transmuter on Oct 29, 2020.
             Succumbed to an adder's poison
             ... on level 2 of the Dungeon.
             The game lasted 00:01:20 (1192 turns).

jasper the Insei (Kobold Transmuter)                Turns: 1192, Time: 00:01:21

Health: 0/16       AC:  3    Str:  7    XL:     2   Next: 90%
Magic:  5/5        EV: 12    Int: 14    God:
Gold:   99         SH:  7    Dex: 15    Spells: 4/5 levels left

rFire    . . .     SeeInvis .     - Unarmed
rCold    . . .     Faith    .   f - +0 kite shield
rNeg     . . .     Spirit   .   a - +0 robe
rPois    .         Reflect  .   (no helmet)
rElec    .         Harm     .   (no cloak)
rCorr    .         Rampage  .   (no gloves)
MR       .....                  k - +0 pair of boots
Stlth    ++........             i - amulet of the acrobat
HPRegen  0.05/turn              (no ring)
MPRegen  0.09/turn              (no ring)

@: lethally poisoned (0 -> -4), flying, hasted, very quick
A: small, nightstalker 3
a: no special abilities


You were on level 2 of the Dungeon.
You visited 1 branch of the dungeon, and saw 2 of its levels.

You collected 99 gold pieces.

Inventory:

Missiles
 c - 51 stones (quivered)
Armour
 a - a +0 robe (worn)
 f - a +0 kite shield (worn)
 k - a +0 pair of boots (worn)
Jewellery
 i - an amulet of the acrobat (around neck)
Scrolls
 b - a scroll of immolation {unknown}
 d - 3 scrolls of remove curse {unknown}
 e - 7 scrolls of teleportation {unknown}
 h - a scroll of fear {unknown}
Potions
 g - a potion of flight


   Skills:
 + Level 1.5 Fighting
 + Level 2.7 Dodging
 + Level 0.5 Shields
 * Level 3.4 Unarmed Combat
 - Level 2.1 Spellcasting
 - Level 2.0 Transmutations


You had 4 spell levels left.
You knew the following spells:

 Your Spells              Type           Power        Failure   Level
a - Beastly Appendage     Tmut           #.....       56%         1

Your spell library contained the following spells:

 Spells                   Type           Power        Failure   Level
 Wereblood                Tmut           #.......     71%         2
 Spider Form              Tmut/Pois      #.........   97%         3
 Ice Form                 Ice/Tmut       #.......     100%        4
 Blade Hands              Tmut           #.........   100%        5


Dungeon Overview and Level Annotations

Branches:
Dungeon (2/15)

Altars:


Innate Abilities, Weirdness & Mutations

You are small and have problems with some larger weapons.
You are completely attuned to the shadows.


Message History

The rat is heavily wounded.
You hit the rat but do no damage.
The rat is heavily wounded.
* * * LOW HITPOINT WARNING * * *
You feel sick. The rat bites you but does no damage.
You take 1 damage, and have 1/16 hp.
You barely miss the rat.
The rat is heavily wounded.
The rat bites you but does no damage.
You closely miss the rat.
The rat is heavily wounded.
The rat bites you but does no damage.
You hit the rat but do no damage.
The rat is heavily wounded.
You closely miss the rat.
The rat is heavily wounded.
The rat misses you.
You hit the rat but do no damage.
The rat is heavily wounded.
You die...

##.............#.#. #.##
#.#
##.###..###.###.........
#.# #.## #..# #.# #.####
## #.# .## ##.###.#
#.##..... ####.#
.######.....# #.##.....
..>... ............#
#.##..... #.#..#
#.#####.###.###.##(....
. #..# .# #.#
#.##...#...... #..# .#
#.###.....@rK..... #..#
#......##.##....... #...
#####..##.......#.. #.##
#..#####....#.# #.#
#.#.###.#...#.# #.#
#.##...##...#.######.#
#.#######............#
........# #.#.#....#####
####.##(# #.#.####.#


You could see a kobold and a rat.

Vanquished Creatures
  An adder (D:2)
  A giant cockroach (D:1)
  A goblin (D:2)
  A kobold (D:1)
  3 bats
  A frilled lizard (D:2)
  3 rats (D:1)
  2 toadstools (D:1)
13 creatures vanquished.

Vanquished Creatures (others)
  2 toadstools (D:1)
2 creatures vanquished.

Grand Total: 15 creatures vanquished

Notes
Turn   | Place    | Note
-------+----------+-------------------------------------------
     0 | D:1      | jasper the Kobold Transmuter began the quest for the Orb.
     0 | D:1      | Reached XP level 1. HP: 12/12 MP: 3/3
   625 | D:1      | Reached XP level 2. HP: 13/16 MP: 5/5
  1192 | D:2      | Succumbed to an adder's poison

Illustrated notes

Levels and vault maps discovered:
D:1:      ldierk_water_garden, layout_basic
D:2:      layout_loops_ring

Action                   || total
-------------------------++-------
Melee: Unarmed           ||    64
Throw: Stone             ||    14
  Use: Potion            ||     2
 Stab: Sleeping          ||     1
Armor: Robe              ||    15
Dodge: Dodged            ||    31
Block: Kite shield       ||    21

Table legend: (Time is in decaauts)
 A = Elapsed time spent in this place.
 B = Non-inter-level travel time spent in this place.
 C = Inter-level travel time spent in this place.
 D = Time resting spent in this place.
 E = Time spent auto-exploring this place.
 F = Levels seen in this place.
 G = Mean time per level.
                   A        B        C        D        E       F      G
               +--------+--------+--------+--------+--------+-----+--------+
         Total |   1194 |   1167 |     27 |      0 |   1010 |   2 |  597.0 |
       Dungeon |   1194 |   1167 |     27 |      0 |   1010 |   2 |  597.0 |
               +--------+--------+--------+--------+--------+-----+--------+

Top non-repeatable levels by time:
     D:1: 860 daAuts
     D:2: 334 daAuts
